[Event "POL-chT 1 Liga 2019"]
[Site "Dzwirzyno"]
[Date "2019.09.13"]
[Round "7.15"]
[White "Szmacinski, Slawomir"]
[Black "Protaziuk, Grzegorz"]
[Result "0-1"]
[ECO "A34"]
[WhiteElo "1848"]
[BlackElo "2334"]
[Annotator "NA"]
[PlyCount "126"]
[EventDate "2019.09.07"]
[EventType "team-tourn"]
[EventCountry "POL"]
[SourceTitle "playchess.com"]
[Source "ChessBase"]
[SourceQuality "1"]
[TimeControl "40/5400+30:1800+30"]

1. Nf3 Nf6 2. c4 c5 3. Nc3 d5 4. cxd5 Nxd5 5. e3 Nc6 6. d4 cxd4 7. Nxd4 Nxc3 8. bxc3 e5 9. Nb5 Qxd1+ 10. Kxd1 Bg4+ 11. f3 O-O-O+ 12. Ke1 Be6 13. Ba3 Rd7 14. Bxf8 Rxf8 15. c4 Rfd8 16. Nc3 Nb4 17. Rc1 Kb8 18. e4 Rd4 19. a3 Nd3+ 20. Bxd3 Rxd3 21. Nd5 Rxa3 22. Kf2 Ra2+ 23. Kg3 Rc8 24. Rc3 Bxd5 25. exd5 Rc5 26. Re1 f6 27. h4 Kc7 28. f4 Kd6 29. fxe5+ fxe5 30. Rb1 b6 31. h5 Ra4 32. Rbc1 Rb4 33. h6 gxh6 34. Kf3 a5 35. Ke3 a4 36. Kd3 b5 37. cxb5 Rbxb5 38. Rh1 Kxd5 39. Rxh6 Rxc3+ 40. Kxc3 Rb3+ 41. Kc2 Rg3 42. Rxh7 Rxg2+ 43. Kd3 Rg3+ 44. Ke2 Ra3 45. Rh8 Kd4 46. Rd8+ Ke4 47. Rh8 Ra2+ 48. Kd1 a3 49. Kc1 Rf2 50. Kb1 Rb2+ 51. Ka1 Rd2 52. Rh4+ Kf3 53. Rh3+ Kg2 54. Re3 Rd5 55. Rxa3 e4 56. Kb2 Kf2 57. Ra7 e3 58. Kc2 Rf5 59. Rh7 e2 60. Rh2+ Ke3 61. Rh3+ Rf3 62. Rxf3+ Kxf3 63. Kd2 Kf2 0-1

[Event "POL-chT 1 Liga 2019"]
[Site "Dzwirzyno"]
[Date "2019.09.13"]
[Round "7.16"]
[White "Nurkiewicz, Maciej"]
[Black "Redlich, Bogdan"]
[Result "1/2-1/2"]
[ECO "E97"]
[WhiteElo "2334"]
[BlackElo "1600"]
[Annotator "NA"]
[PlyCount "63"]
[EventDate "2019.09.07"]
[EventType "team-tourn"]
[EventCountry "POL"]
[SourceTitle "playchess.com"]
[Source "ChessBase"]
[SourceQuality "1"]
[TimeControl "40/5400+30:1800+30"]

1. d4 Nf6 2. c4 g6 3. Nc3 Bg7 4. e4 d6 5. Nf3 O-O 6. Be2 e5 7. O-O Nc6 8. d5 Ne7 9. b4 a5 10. Ba3 axb4 11. Bxb4 b6 12. a4 Re8 13. Nd2 c5 14. Ba3 Rf8 15. Bb2 Ne8 16. Nb5 f5 17. Bc3 fxe4 18. Nxe4 Nf5 19. Bd3 Bh6 20. Bd2 Bxd2 21. Qxd2 Bd7 22. Nbc3 Nd4 23. Qg5 Qxg5 24. Nxg5 Nf6 25. Rfb1 Ra6 26. Ra2 h6 27. Nge4 Nxe4 28. Bxe4 Kg7 29. Rab2 Rb8 30. f3 g5 31. Bd3 Kf6 32. Kf2 1/2-1/2

[Event "POL-chT 1 Liga 2019"]
[Site "Dzwirzyno"]
[Date "2019.09.13"]
[Round "7.17"]
[White "Kelm, Robert"]
[Black "Bartel, Michal"]
[Result "0-1"]
[ECO "A06"]
[WhiteElo "1585"]
[BlackElo "2291"]
[Annotator "NA"]
[PlyCount "46"]
[EventDate "2019.09.07"]
[EventType "team-tourn"]
[EventCountry "POL"]
[SourceTitle "playchess.com"]
[Source "ChessBase"]
[SourceQuality "1"]
[TimeControl "40/5400+30:1800+30"]

1. Nf3 d5 2. d4 a6 3. a4 Nc6 4. g3 Bg4 5. Bg2 Qd7 6. Bf4 f6 7. h3 Bf5 8. c3 g5 9. g4 Bxb1 10. Qxb1 gxf4 11. b4 e6 12. g5 fxg5 13. b5 axb5 14. axb5 Rxa1 15. Qxa1 Nd8 16. Ne5 Qxb5 17. O-O Bd6 18. c4 Qa6 19. Qc3 Bxe5 20. cxd5 Bd6 21. dxe6 Qa3 22. Qc4 Qb4 23. Qd5 Ne7 0-1

[Event "POL-chT 1 Liga 2019"]
[Site "Dzwirzyno"]
[Date "2019.09.13"]
[Round "7.18"]
[White "Kulon, Klaudia"]
[Black "Miturova, Magdalena"]
[Result "1-0"]
[ECO "A02"]
[WhiteElo "2339"]
[BlackElo "2219"]
[Annotator "NA"]
[PlyCount "65"]
[EventDate "2019.09.07"]
[EventType "team-tourn"]
[EventCountry "POL"]
[SourceTitle "playchess.com"]
[Source "ChessBase"]
[SourceQuality "1"]
[TimeControl "40/5400+30:1800+30"]

1. f4 e5 2. fxe5 d6 3. Nf3 dxe5 4. e4 Nf6 5. Nc3 Bg4 6. Bc4 Nc6 7. d3 Bc5 8. Bg5 h6 9. Bh4 g5 10. Bg3 Nh5 11. Qd2 Bxf3 12. gxf3 Nd4 13. Rf1 Qd6 14. O-O-O a6 15. Nd5 b5 16. Bb3 a5 17. c3 Nxb3+ 18. axb3 Nxg3 19. hxg3 a4 20. b4 Ba7 21. f4 exf4 22. gxf4 g4 23. d4 Kf8 24. f5 h5 25. f6 Ke8 26. Qg5 Kd7 27. Nf4 Kc6 28. e5 Qd7 29. e6 Qd6 30. exf7 a3 31. bxa3 Bb6 32. Kb2 Rhf8 33. Ng6 {[%emt 0:01:13] Kd5} 1-0

[Event "POL-chT 1 Liga 2019"]
[Site "Dzwirzyno"]
[Date "2019.09.13"]
[Round "7.19"]
[White "Golubka, Petro"]
[Black "Kolago, Marcin"]
[Result "1/2-1/2"]
[ECO "E71"]
[WhiteElo "2479"]
[BlackElo "2340"]
[Annotator "ChessBase"]
[PlyCount "45"]
[EventDate "2019.09.07"]
[EventType "team-tourn"]
[EventCountry "POL"]
[SourceTitle "playchess.com"]
[Source "ChessBase"]
[SourceQuality "1"]
[TimeControl "40/5400+30:1800+30"]

1. d4 Nf6 2. c4 g6 3. Nc3 Bg7 4. e4 d6 5. h3 e5 6. d5 Na6 7. Bd3 h5 8. Nf3 Bh6 9. Bxh6 Rxh6 10. Qd2 Rh8 11. h4 Bg4 12. O-O-O Nd7 13. Be2 Bxf3 14. Bxf3 Qf6 15. Rdf1 Qg7 16. Bd1 Qh6 17. Qxh6 Rxh6 18. Kd2 Ke7 19. Rh3 Rhh8 20. Be2 c6 21. Rb1 Nc7 22. b3 a5 23. Bd3 1/2-1/2

[Event "POL-chT 1 Liga 2019"]
[Site "Dzwirzyno"]
[Date "2019.09.13"]
[Round "7.21"]
[White "Grabarczyk, Miroslaw"]
[Black "Rawicz, Karol"]
[Result "1/2-1/2"]
[ECO "D02"]
[WhiteElo "2374"]
[BlackElo "2200"]
[Annotator "NA"]
[PlyCount "35"]
[EventDate "2019.09.07"]
[EventType "team-tourn"]
[EventCountry "POL"]
[SourceTitle "playchess.com"]
[Source "ChessBase"]
[SourceQuality "1"]
[TimeControl "40/5400+30:1800+30"]

1. d4 d5 2. Nf3 Nf6 3. g3 c6 4. Bg2 Bf5 5. O-O e6 6. c4 Be7 7. Nc3 h6 8. Re1 O-O 9. Qb3 Qb6 10. c5 Qxb3 11. axb3 Nbd7 12. b4 a6 13. Bf4 g5 14. Be3 Ne4 15. Red1 Rae8 16. Ne1 Bd8 17. Nd3 Bc7 18. Ra2 1/2-1/2

[Event "POL-chT 1 Liga 2019"]
[Site "Dzwirzyno"]
[Date "2019.09.13"]
[Round "7.22"]
[White "Jaroch, Karol"]
[Black "Sabuk, Piotr"]
[Result "1/2-1/2"]
[ECO "D59"]
[WhiteElo "2236"]
[BlackElo "2397"]
[Annotator "NA"]
[PlyCount "36"]
[EventDate "2019.09.07"]
[EventType "team-tourn"]
[EventCountry "POL"]
[SourceTitle "playchess.com"]
[Source "ChessBase"]
[SourceQuality "1"]
[TimeControl "40/5400+30:1800+30"]

1. d4 Nf6 2. c4 e6 3. Nf3 b6 4. Bg5 h6 5. Bh4 Be7 6. Nc3 O-O 7. e3 d5 8. cxd5 Nxd5 9. Bxe7 Qxe7 10. Nxd5 exd5 11. Rc1 Be6 12. Bd3 c5 13. dxc5 bxc5 14. O-O Nd7 15. Qc2 Rab8 16. b3 Rfc8 17. Bh7+ Kh8 18. Bf5 Nf6 1/2-1/2

[Event "POL-chT 1 Liga 2019"]
[Site "Dzwirzyno"]
[Date "2019.09.13"]
[Round "7.23"]
[White "Kucza, Karol"]
[Black "Samborski, Henryk"]
[Result "1-0"]
[ECO "B35"]
[WhiteElo "2280"]
[BlackElo "2098"]
[Annotator "NA"]
[PlyCount "59"]
[EventDate "2019.09.07"]
[EventType "team-tourn"]
[EventCountry "POL"]
[SourceTitle "playchess.com"]
[Source "ChessBase"]
[SourceQuality "1"]
[TimeControl "40/5400+30:1800+30"]

1. e4 c5 2. Nf3 Nc6 3. d4 cxd4 4. Nxd4 g6 5. Nc3 Bg7 6. Be3 Nf6 7. Bc4 O-O 8. Bb3 e6 9. Ndb5 d5 10. Bc5 Re8 11. Nd6 Nxe4 12. Ncxe4 dxe4 13. Nxe8 Qa5+ 14. Qd2 Qxc5 15. Nxg7 Kxg7 16. O-O-O b5 17. Rhe1 a5 18. a4 bxa4 19. Bxa4 Nb4 20. Rxe4 Bb7 21. Qd4+ Qxd4 22. Rexd4 Bxg2 23. Rd8 Ra6 24. R1d6 Ra7 25. R8d7 Ra8 26. c3 Nd5 27. Bc6 Rc8 28. Bb7 Rc5 29. Rxe6 Bh3 30. Bxd5 1-0

[Event "POL-chT 1 Liga 2019"]
[Site "Dzwirzyno"]
[Date "2019.09.13"]
[Round "7.24"]
[White "Worek, Joanna"]
[Black "Kantane, Anna"]
[Result "0-1"]
[ECO "C89"]
[WhiteElo "2308"]
[BlackElo "2273"]
[Annotator "NA"]
[PlyCount "62"]
[EventDate "2019.09.07"]
[EventType "team-tourn"]
[EventCountry "POL"]
[SourceTitle "playchess.com"]
[Source "ChessBase"]
[SourceQuality "1"]
[TimeControl "40/5400+30:1800+30"]

1. e4 e5 2. Nf3 Nc6 3. Bb5 a6 4. Ba4 Nf6 5. O-O Be7 6. Re1 b5 7. Bb3 O-O 8. c3 d5 9. d4 exd4 10. e5 Ne4 11. cxd4 Bb4 12. Re2 Bg4 13. Qd3 Bxf3 14. gxf3 Ng5 15. Kh1 Ne6 16. Be3 Ncxd4 17. Nc3 Bxc3 18. bxc3 Nxe2 19. Qxe2 c6 20. Rg1 Qh4 21. Bc2 f6 22. Rg4 Qh5 23. Bd4 f5 24. Rg1 f4 25. Qd3 Rae8 26. Bb6 g6 27. c4 bxc4 28. Qc3 d4 29. Qxc4 Qxf3+ 30. Rg2 Kg7 31. a4 Qc3 0-1

[Event "POL-chT 1 Liga 2019"]
[Site "Dzwirzyno"]
[Date "2019.09.13"]
[Round "7.25"]
[White "Sapis, Witalis"]
[Black "Klekowski, Maciej"]
[Result "1/2-1/2"]
[ECO "E12"]
[WhiteElo "2376"]
[BlackElo "2473"]
[Annotator "ChessBase"]
[PlyCount "28"]
[EventDate "2019.09.07"]
[EventType "team-tourn"]
[EventCountry "POL"]
[SourceTitle "playchess.com"]
[Source "ChessBase"]
[SourceQuality "1"]
[TimeControl "40/5400+30:1800+30"]

1. d4 Nf6 2. Nf3 e6 3. c4 b6 4. a3 Bb7 5. Nc3 d5 6. Bf4 a6 7. e3 Bd6 8. Bxd6 Qxd6 9. cxd5 exd5 10. b4 Nbd7 11. Na4 O-O 12. Bd3 Ne4 13. O-O a5 14. Qb3 g6 1/2-1/2

[Event "POL-chT 1 Liga 2019"]
[Site "Dzwirzyno"]
[Date "2019.09.13"]
[Round "7.26"]
[White "Barski, Radoslaw"]
[Black "Godzwon, Iwo"]
[Result "1-0"]
[ECO "B51"]
[WhiteElo "2425"]
[BlackElo "2265"]
[Annotator "NA"]
[PlyCount "91"]
[EventDate "2019.09.07"]
[EventType "team-tourn"]
[EventCountry "POL"]
[SourceTitle "playchess.com"]
[Source "ChessBase"]
[SourceQuality "1"]
[TimeControl "40/5400+30:1800+30"]

1. e4 c5 2. Nf3 d6 3. Bb5+ Nd7 4. c3 Ngf6 5. Qe2 a6 6. Ba4 b5 7. Bc2 Bb7 8. O-O g6 9. d4 Bg7 10. Re1 O-O 11. Nbd2 cxd4 12. cxd4 e5 13. d5 Rc8 14. Nb3 Qc7 15. Bd3 Nc5 16. Nxc5 dxc5 17. b3 c4 18. bxc4 bxc4 19. Bc2 Ne8 20. Rb1 Nd6 21. a4 h6 22. Ba3 Rfd8 23. Qe3 c3 24. Qa7 Rb8 25. Bxd6 Rxd6 26. Rb3 Rd7 27. Reb1 Bf8 28. Qe3 Qd6 29. Qxc3 Rc8 30. Qb2 Bg7 31. Bd3 Bxd5 32. Rb6 Bc6 33. Bxa6 Rcc7 34. Bb5 Qc5 35. Bxc6 Rxc6 36. Rxc6 Qxc6 37. Qb8+ Kh7 38. Qb4 f5 39. exf5 gxf5 40. Qb5 Qe6 41. g3 e4 42. Qe2 Ra7 43. Nh4 Bf6 44. Qe3 Rxa4 45. Rb7+ Bg7 46. Qc3 1-0

[Event "POL-chT 1 Liga 2019"]
[Site "Dzwirzyno"]
[Date "2019.09.13"]
[Round "7.27"]
[White "Tofil, Borys"]
[Black "Kosakowski, Jakub"]
[Result "0-1"]
[ECO "B20"]
[WhiteElo "2202"]
[BlackElo "2411"]
[Annotator "NA"]
[PlyCount "120"]
[EventDate "2019.09.07"]
[EventType "team-tourn"]
[EventCountry "POL"]
[SourceTitle "playchess.com"]
[Source "ChessBase"]
[SourceQuality "1"]
[TimeControl "40/5400+30:1800+30"]

1. e4 c5 2. b3 b6 3. Bb2 Bb7 4. Nc3 e6 5. Nf3 Nc6 6. e5 f5 7. Nb5 Nh6 8. Nd6+ Bxd6 9. exd6 O-O 10. d4 cxd4 11. Nxd4 Qg5 12. Nf3 Qf4 13. h3 Nf7 14. Be2 Rfd8 15. Ba3 b5 16. Bc5 Nce5 17. Nxe5 Qxe5 18. Qd4 Qxd4 19. Bxd4 Nxd6 20. O-O-O Ne8 21. Bxb5 Bxg2 22. Rh2 Bf3 23. Rg1 Kf7 24. Rg3 Bc6 25. Bxc6 dxc6 26. Be5 Rd5 27. f4 Nf6 28. Rhg2 g6 29. Rc3 Rc8 30. Rc4 Nd7 31. Bb2 Nb6 32. Rd4 Rcd8 33. Rxd5 Nxd5 34. Be5 Nf6 35. a4 Ne4 36. h4 h6 37. b4 a6 38. c4 Rd7 39. Kc2 Rb7 40. Kb3 Nc5+ 41. Ka3 Nd3 42. Rd2 Nxe5 43. fxe5 g5 44. hxg5 hxg5 45. b5 axb5 46. axb5 cxb5 47. c5 b4+ 48. Kb3 f4 49. c6 Rc7 50. Rc2 Kg6 51. Kxb4 g4 52. Kc5 g3 53. Rg2 Kf5 54. Kd6 Rc8 55. Kd7 Rh8 56. c7 Kg4 57. Kxe6 f3 58. Rd2 Rc8 59. Kd7 Rxc7+ 60. Kxc7 f2 0-1

[Event "POL-chT 1 Liga 2019"]
[Site "Dzwirzyno"]
[Date "2019.09.13"]
[Round "7.28"]
[White "Walter, Szymon"]
[Black "Kowalski, Maciej"]
[Result "1-0"]
[ECO "B01"]
[WhiteElo "2311"]
[BlackElo "2095"]
[Annotator "NA"]
[PlyCount "39"]
[EventDate "2019.09.07"]
[EventType "team-tourn"]
[EventCountry "POL"]
[SourceTitle "playchess.com"]
[Source "ChessBase"]
[SourceQuality "1"]
[TimeControl "40/5400+30:1800+30"]

1. e4 d5 2. exd5 Nf6 3. d4 Nxd5 4. Nf3 g6 5. Bb5+ c6 6. Be2 Bg7 7. O-O O-O 8. c4 Nc7 9. Nc3 Bg4 10. Be3 f5 11. d5 Bxc3 12. bxc3 cxd5 13. Bh6 Re8 14. Ne5 Bxe2 15. Qxe2 e6 16. Rad1 Qh4 17. Qe3 Qe4 18. Qg3 f4 19. Bxf4 dxc4 20. Ng4 1-0

[Event "POL-chT 1 Liga 2019"]
[Site "Dzwirzyno"]
[Date "2019.09.13"]
[Round "7.29"]
[White "Rogala, Milosz"]
[Black "Dzierzak, Radoslaw"]
[Result "0-1"]
[ECO "B07"]
[WhiteElo "1788"]
[BlackElo "2253"]
[Annotator "NA"]
[PlyCount "80"]
[EventDate "2019.09.07"]
[EventType "team-tourn"]
[EventCountry "POL"]
[SourceTitle "playchess.com"]
[Source "ChessBase"]
[SourceQuality "1"]
[TimeControl "40/5400+30:1800+30"]

1. e4 d6 2. d4 Nf6 3. Nc3 g6 4. Bg5 Bg7 5. Qd2 c6 6. O-O-O b5 7. Bd3 Nbd7 8. f3 Qa5 9. Kb1 b4 10. Nce2 c5 11. Bh6 Bxh6 12. Qxh6 Qc7 13. dxc5 Qxc5 14. Nh3 Ne5 15. Ng5 Bd7 16. Nc1 a5 17. Rhe1 a4 18. f4 Neg4 19. Qg7 Rf8 20. e5 dxe5 21. fxe5 Nxe5 22. Rxe5 Qxe5 23. Nxh7 O-O-O 24. Nxf8 a3 25. Ba6+ Kc7 26. Nd3 Bf5 27. Rc1 Rxd3 28. cxd3+ Kb6 29. Nd7+ Bxd7 30. Rc2 Kxa6 31. Qh8 Kb7 32. Qh4 Ng4 33. h3 g5 34. Qh5 Qe1+ 35. Rc1 Qd2 36. Rc2 Qd1+ 37. Rc1 Qxd3+ 38. Ka1 axb2+ 39. Kxb2 Qa3+ 40. Kb1 Bf5+ 0-1

[Event "POL-chT 1 Liga 2019"]
[Site "Dzwirzyno"]
[Date "2019.09.13"]
[Round "7.30"]
[White "Malicka, Maria"]
[Black "Sapis, Lucyna"]
[Result "1-0"]
[ECO "B19"]
[WhiteElo "2095"]
[BlackElo "2042"]
[Annotator "NA"]
[PlyCount "73"]
[EventDate "2019.09.07"]
[EventType "team-tourn"]
[EventCountry "POL"]
[SourceTitle "playchess.com"]
[Source "ChessBase"]
[SourceQuality "1"]
[TimeControl "40/5400+30:1800+30"]

1. e4 c6 2. d4 d5 3. Nc3 dxe4 4. Nxe4 Bf5 5. Ng3 Bg6 6. h4 h6 7. Nf3 Nd7 8. h5 Bh7 9. Bd3 Bxd3 10. Qxd3 Qc7 11. Bd2 e6 12. O-O-O Ngf6 13. Ne4 Be7 14. Kb1 a5 15. g3 Nxe4 16. Qxe4 Nf6 17. Qe2 Bd6 18. c4 b6 19. Ne5 Bxe5 20. dxe5 Nd7 21. f4 O-O-O 22. Be3 Nb8 23. c5 b5 24. Rd6 Rd7 25. Rhd1 Rxd6 26. cxd6 Qb7 27. Qg4 Rg8 28. f5 Qd7 29. Rf1 Qe8 30. Qe4 Qd7 31. f6 g6 32. hxg6 Qe8 33. g7 h5 34. Rh1 Kb7 35. Qd4 c5 36. Qxc5 Qc6 37. Qa7+ 1-0

[Event "POL-chT 1 Liga 2019"]
[Site "Dzwirzyno"]
[Date "2019.09.14"]
[Round "8.2"]
[White "Barski, Radoslaw"]
[Black "Roubalik, Jakub"]
[Result "0-1"]
[ECO "B32"]
[WhiteElo "2425"]
[BlackElo "2405"]
[Annotator "NA"]
[PlyCount "110"]
[EventDate "2019.09.07"]
[EventType "team-tourn"]
[EventCountry "POL"]
[SourceTitle "playchess.com"]
[Source "ChessBase"]
[SourceQuality "1"]
[TimeControl "40/5400+30:1800+30"]

1. e4 c5 2. Nf3 Nc6 3. d4 cxd4 4. Nxd4 e5 5. Nb5 d6 6. c4 Be7 7. N1c3 a6 8. Na3 Be6 9. Be2 Bg5 10. O-O Bxc1 11. Rxc1 Nf6 12. Nc2 O-O 13. Qd2 Qb6 14. b3 Rfd8 15. Rfd1 Rac8 16. h3 h6 17. Bf3 Qa7 18. Nd5 Nd7 19. Nce3 Kf8 20. Nf5 Bxf5 21. exf5 Nd4 22. Be4 b5 23. Kh2 bxc4 24. bxc4 Qc5 25. f4 f6 26. g4 Rb8 27. Rc3 Nb6 28. g5 Na4 29. gxf6 Rb2 30. fxg7+ Kxg7 31. Rg3+ Kh8 32. Qxb2 Nxb2 33. Rd2 Nxc4 34. Rdg2 Nxf5 35. Rg6 Nce3 36. Bxf5 Nxf5 37. Ne7 Qc4 38. Nxf5 Qxf4+ 39. R2g3 Qxf5 40. Rxh6+ Qh7 41. Rxh7+ Kxh7 42. Ra3 Kg6 43. Kg3 Kf5 44. Rxa6 d5 45. Kf2 Ke4 46. Ra3 d4 47. h4 d3 48. Ra4+ Kf5 49. Ke1 e4 50. Ra7 Kf4 51. Kd2 e3+ 52. Kd1 e2+ 53. Kd2 Re8 54. Rf7+ Kg3 55. Rg7+ Kh2 0-1

[Event "POL-chT 1 Liga 2019"]
[Site "Dzwirzyno"]
[Date "2019.09.14"]
[Round "8.4"]
[White "Walter, Szymon"]
[Black "Ciesla, Adam"]
[Result "1/2-1/2"]
[ECO "C42"]
[WhiteElo "2311"]
[BlackElo "2273"]
[Annotator "NA"]
[PlyCount "89"]
[EventDate "2019.09.07"]
[EventType "team-tourn"]
[EventCountry "POL"]
[SourceTitle "playchess.com"]
[Source "ChessBase"]
[SourceQuality "1"]
[TimeControl "40/5400+30:1800+30"]

1. e4 e5 2. Nf3 Nf6 3. Nxe5 Nxe4 4. Qe2 Qe7 5. d3 Qxe5 6. dxe4 Bb4+ 7. c3 Bc5 8. Be3 O-O 9. Nd2 Nc6 10. O-O-O Re8 11. f4 Qe7 12. Bxc5 Qxc5 13. Qb5 Qe3 14. Bc4 d6 15. Rde1 Qb6 16. Qg5 Be6 17. Bd5 Ne7 18. Bxe6 fxe6 19. h4 Nc6 20. h5 Qa5 21. Qxa5 Nxa5 22. Kc2 Re7 23. Nf3 Nc6 24. b4 a6 25. a4 a5 26. b5 Na7 27. e5 Rf8 28. g3 d5 29. Nd4 Nc8 30. Nb3 Nb6 31. Nxa5 Nxa4 32. Nb3 Nb6 33. Ra1 Nc4 34. Ra7 b6 35. Rha1 g5 36. hxg6 hxg6 37. Ra8 Ree8 38. Rxe8 Rxe8 39. Ra7 Rc8 40. Ra1 Kf7 41. Nd4 Rh8 42. Ra7 Rc8 43. Nc6 Ke8 44. Kd3 Kd7 45. Ke2 1/2-1/2

[Event "POL-chT 1 Liga 2019"]
[Site "Dzwirzyno"]
[Date "2019.09.14"]
[Round "8.5"]
[White "Flis, Jacek"]
[Black "Dzierzak, Radoslaw"]
[Result "1/2-1/2"]
[ECO "B40"]
[WhiteElo "2219"]
[BlackElo "2253"]
[Annotator "NA"]
[PlyCount "42"]
[EventDate "2019.09.07"]
[EventType "team-tourn"]
[EventCountry "POL"]
[SourceTitle "playchess.com"]
[Source "ChessBase"]
[SourceQuality "1"]
[TimeControl "40/5400+30:1800+30"]

1. e4 c5 2. Nf3 e6 3. Nc3 Nc6 4. Be2 Qc7 5. O-O Nf6 6. Re1 a6 7. a4 Bd6 8. Bf1 b6 9. h3 Bb7 10. d3 O-O 11. Bg5 h6 12. Be3 Rad8 13. g3 Qb8 14. Bg2 Bc7 15. d4 d5 16. exd5 exd5 17. Ne2 Rfe8 18. c3 Ne4 19. Bf4 Nd6 20. Ne5 Nxe5 21. Bxe5 Nf5 1/2-1/2

[Event "POL-chT 1 Liga 2019"]
[Site "Dzwirzyno"]
[Date "2019.09.14"]
[Round "8.6"]
[White "Malicka, Maria"]
[Black "Lach, Aleksandra"]
[Result "1/2-1/2"]
[ECO "B38"]
[WhiteElo "2095"]
[BlackElo "2173"]
[Annotator "NA"]
[PlyCount "93"]
[EventDate "2019.09.07"]
[EventType "team-tourn"]
[EventCountry "POL"]
[SourceTitle "playchess.com"]
[Source "ChessBase"]
[SourceQuality "1"]
[TimeControl "40/5400+30:1800+30"]

1. e4 c5 2. Nf3 Nc6 3. d4 cxd4 4. Nxd4 g6 5. c4 Bg7 6. Be3 Nf6 7. Nc3 O-O 8. Be2 d6 9. O-O Bd7 10. f3 Nxd4 11. Bxd4 a5 12. Qd2 Bc6 13. Kh1 Nd7 14. Bxg7 Kxg7 15. f4 Nc5 16. Rae1 a4 17. Bd1 Qa5 18. Re3 f6 19. Rfe1 Qb4 20. Qe2 Ne6 21. Nd5 Qc5 22. Qg4 Bd7 23. f5 Ng5 24. Nxe7 Qe5 25. Nd5 Rae8 26. h4 Nf7 27. Qe2 gxf5 28. exf5 Qxf5 29. Bc2 Rxe3 30. Nxe3 Qf4 31. Qh5 Qh6 32. Qxh6+ Kxh6 33. Nd5 Ne5 34. Nb6 Bc6 35. Bxa4 Bxa4 36. Nxa4 Nxc4 37. Re7 b5 38. Nc3 b4 39. Nd5 Nxb2 40. Nxb4 Nc4 41. Nd5 Ne5 42. Kh2 Kg6 43. Re6 Ng4+ 44. Kg3 h5 45. Rxd6 Ra8 46. Nf4+ Kh6 47. Rd3 1/2-1/2

[Event "POL-chT 1 Liga 2019"]
[Site "Dzwirzyno"]
[Date "2019.09.14"]
[Round "8.8"]
[White "Godzwon, Iwo"]
[Black "Zezulkin, Jurij"]
[Result "1-0"]
[ECO "B32"]
[WhiteElo "2265"]
[BlackElo "2434"]
[Annotator "NA"]
[PlyCount "76"]
[EventDate "2019.09.07"]
[EventType "team-tourn"]
[EventCountry "POL"]
[SourceTitle "playchess.com"]
[Source "ChessBase"]
[SourceQuality "1"]
[TimeControl "40/5400+30:1800+30"]

1. e4 c5 2. Nf3 Nc6 3. d4 cxd4 4. Nxd4 e5 5. Nb5 d6 6. c4 Be7 7. N1c3 a6 8. Na3 Be6 9. Nc2 Bg5 10. Be2 Bxc1 11. Rxc1 Nf6 12. O-O O-O 13. Qd2 Qb6 14. Rfd1 Rfd8 15. b3 Rac8 16. h3 h6 17. Bf3 Kf8 18. Nd5 Bxd5 19. cxd5 Na7 20. Ne3 Nb5 21. Nc4 Qa7 22. Qb4 Qc5 23. Qd2 Qa7 24. a4 Nd4 25. Qb4 Qc5 26. Qxb7 Rc7 27. b4 Qa7 28. Qxa7 Rxa7 29. Na5 Rb8 30. Rc4 Nd7 31. Rcxd4 exd4 32. Nc6 Raa8 33. Nxb8 Rxb8 34. Rxd4 a5 35. Bg4 Ne5 36. bxa5 Rb1+ 37. Kh2 Rc1 38. a6 Rc5 1-0

[Event "POL-chT 1 Liga 2019"]
[Site "Dzwirzyno"]
[Date "2019.09.14"]
[Round "8.9"]
[White "Rawicz, Karol"]
[Black "Wacior, Maciej"]
[Result "0-1"]
[ECO "D30"]
[WhiteElo "2200"]
[BlackElo "2116"]
[Annotator "NA"]
[PlyCount "66"]
[EventDate "2019.09.07"]
[EventType "team-tourn"]
[EventCountry "POL"]
[SourceTitle "playchess.com"]
[Source "ChessBase"]
[SourceQuality "1"]
[TimeControl "40/5400+30:1800+30"]

1. d4 d5 2. c4 e6 3. Nf3 c6 4. Qc2 Nf6 5. g3 Bd6 6. Bg2 Nbd7 7. Nbd2 Qe7 8. O-O O-O 9. b3 e5 10. dxe5 Nxe5 11. Bb2 Re8 12. e3 dxc4 13. Nxc4 Nxc4 14. bxc4 Bg4 15. Nd4 Rad8 16. h3 Bh5 17. Nf5 Qe6 18. Nxd6 Rxd6 19. Bd4 Red8 20. c5 R6d7 21. f4 Be2 22. Rf2 Ba6 23. Rc1 Nd5 24. f5 Qh6 25. Qb3 Re8 26. Re1 Qg5 27. Kh2 Qd8 28. Rc1 Nxe3 29. Ba1 Qg5 30. Qc3 Nd1 31. Rxd1 Rxd1 32. Rf4 Rd3 33. Rg4 Qxg4 0-1

[Event "POL-chT 1 Liga 2019"]
[Site "Dzwirzyno"]
[Date "2019.09.14"]
[Round "8.10"]
[White "Kowalski, Maciej"]
[Black "Jaroch, Karol"]
[Result "0-1"]
[ECO "A04"]
[WhiteElo "2095"]
[BlackElo "2236"]
[Annotator "NA"]
[PlyCount "102"]
[EventDate "2019.09.07"]
[EventType "team-tourn"]
[EventCountry "POL"]
[SourceTitle "playchess.com"]
[Source "ChessBase"]
[SourceQuality "1"]
[TimeControl "40/5400+30:1800+30"]

1. Nf3 e6 2. b3 d5 3. Bb2 Nf6 4. g3 Be7 5. Bg2 c5 6. O-O O-O 7. e3 a5 8. c4 Nc6 9. Nc3 b6 10. Qe2 Ba6 11. d3 Qc7 12. Rad1 Rad8 13. Nh4 Qd7 14. Na4 Rb8 15. Rc1 Rfd8 16. Nc3 d4 17. Ne4 Nxe4 18. Bxe4 Bxh4 19. gxh4 Bb7 20. Bxc6 Bxc6 21. exd4 cxd4 22. Rce1 Re8 23. Qg4 Rbd8 24. f4 f5 25. Qg3 Rf8 26. Kf2 Rf6 27. Rg1 Rdf8 28. Kf1 Rd8 29. Qf2 Bb7 30. Rg5 b5 31. Rc1 Rg6 32. Rxg6 hxg6 33. cxb5 Qxb5 34. Ke2 e5 35. fxe5 Qxe5+ 36. Kd2 a4 37. Rc4 axb3 38. axb3 Bd5 39. Rxd4 Qc7 40. Rb4 Rc8 41. Rc4 Bxc4 42. bxc4 Qa5+ 43. Kc2 Qa4+ 44. Kc1 Rd8 45. Qg3 Qc6 46. h5 Qd6 47. hxg6 Qxg3 48. hxg3 Rxd3 49. Be5 Re3 50. Bb2 Rd3 51. Be5 Re3 0-1

[Event "POL-chT 1 Liga 2019"]
[Site "Dzwirzyno"]
[Date "2019.09.14"]
[Round "8.11"]
[White "Samborski, Henryk"]
[Black "Rogala, Milosz"]
[Result "1/2-1/2"]
[ECO "C42"]
[WhiteElo "2098"]
[BlackElo "1788"]
[Annotator "NA"]
[PlyCount "83"]
[EventDate "2019.09.07"]
[EventType "team-tourn"]
[EventCountry "POL"]
[SourceTitle "playchess.com"]
[Source "ChessBase"]
[SourceQuality "1"]
[TimeControl "40/5400+30:1800+30"]

1. e4 e5 2. Nf3 Nf6 3. Nxe5 d6 4. Nf3 Nxe4 5. Nc3 Nxc3 6. dxc3 Be7 7. Be3 Nc6 8. h3 Be6 9. Qd2 Qd7 10. Ng5 Bxg5 11. Bxg5 f6 12. Be3 Ne5 13. b3 O-O 14. Be2 Rae8 15. O-O-O a5 16. a4 Qf7 17. c4 b6 18. g4 Nd7 19. f4 f5 20. Bf3 Nc5 21. g5 Kh8 22. Bd4 Bxc4 23. Bxc5 bxc5 24. bxc4 Qxc4 25. Bc6 Qa2 26. Qc3 Rb8 27. Rhe1 Rb6 28. Re7 Rg8 29. Bb5 c6 30. Bc4 Rb1+ 31. Kd2 Rxd1+ 32. Kxd1 Qb1+ 33. Kd2 d5 34. Re1 Qb8 35. Bf1 Qxf4+ 36. Qe3 Qxa4 37. Qxc5 Qf4+ 38. Qe3 Qb4+ 39. Qc3 Qf4+ 40. Qe3 Qb4+ 41. Qc3 Qf4+ 42. Qe3 1/2-1/2